 Dungeon Crawl Stone Soup version 0.29-a0-369-gd956c00756 (webtiles) character file.

Game seed: 9687348070222847358

73 sammy202020 the Skirmisher (level 4, 37/37 HPs)
             Began as a Demonspawn Berserker on May 2, 2022.
             Was a Follower of Trog.
             Quit the game on level 2 of the Dungeon.
             The game lasted 00:03:40 (1797 turns).

sammy202020 the Skirmisher (Demonspawn Berserker)   Turns: 1797, Time: 00:03:40

Health: 37/37      AC: 11    Str: 18    XL:     4   Next: 8%
Magic:  4/4        EV:  5    Int: 10    God:    Trog [*.....]
Gold:   98         SH:  0    Dex: 12    Spells: 3/3 levels left

rFire   . . .      SeeInvis .   a - +0 hand axe
rCold   . . .      Faith    .   (no shield)
rNeg    . . .      Spirit   .   m - +0 plate armour
rPois   .          Reflect  .   (helmet restricted)
rElec   .          Harm     .   (no cloak)
rCorr   .          Rampage  .   (no gloves)
Will    .....                   (no boots)
Stlth   ..........              (no amulet)
HPRegen 0.12/turn               (no ring)
MPRegen 0.09/turn               (no ring)

@: no status effects
A: horns 1, demonic magic 1, weakness stinger 1
a: Renounce Religion, Berserk


You were on level 2 of the Dungeon.
You worshipped Trog.
Trog was aware of your devotion.
You visited 1 branch of the dungeon, and saw 2 of its levels.

You collected 98 gold pieces.

Inventory:

Hand Weapons
 a - a +0 hand axe (weapon)
Missiles
 b - 8 boomerangs (quivered)
 k - 5 javelins
Armour
 j - a +3 scale mail of positive energy
 m - a +0 plate armour (worn)
Jewellery
 g - a ring of ice
 l - an amulet of magic regeneration
Scrolls
 c - a scroll of enchant armour {unknown}
 d - 3 scrolls of noise {unknown}
 i - a scroll of brand weapon {unknown}
Potions
 e - a potion of attraction {unknown}
 f - 3 potions of brilliance {unknown}
 h - 2 potions of curing {unknown}


   Skills:
 * Level 3.8 Fighting
 * Level 3.4 Axes
 + Level 2.2 Armour
 + Level 2.2 Dodging


You had 3 spell levels left.
You didn't know any spells.
Your spell library was empty.

Dungeon Overview and Level Annotations

Branches:
Dungeon (2/15)

Altars:


Innate Abilities, Weirdness & Mutations

You have a pair of small horns on your head.
Spells you cast may paralyse adjacent enemies.
You have a small tail.


Message History

You hit the adder. Your headbutt misses the adder.
The adder is almost dead.
The adder barely misses you.
You miss the adder.
The adder is almost dead.
The adder bites you.
* * * LOW HITPOINT WARNING * * *
You are poisoned.
The adder poisons you! The adder bites you.
* * * LOW HITPOINT WARNING * * *
You are lethally poisoned!
The adder poisons you!
A red film seems to cover your vision as you go berserk!
You feel yourself moving faster!
You feel mighty!
You feel sick. The adder closely misses you.
You slash the adder!
You kill the adder!
Trog accepts your kill.
You feel sick.
You have reached level 4!
You feel stronger.
Your demonic ancestry asserts itself...
You grow a small tail.
You feel sick.
You start resting.
You feel a strong urge to attack something.
You feel sick.
You start resting.
You feel your anger nearly subside.
You are no longer berserk.
You are exhausted.
You feel yourself slow down.
You feel sick.
You start resting.
You feel sick. x2
You are no longer poisoned.
You start resting.
You feel yourself speed up.
You start resting.
You recover from your berserk rage.
You start resting.
You start resting.
HP restored.
Are you sure you want to abandon this character and quit the game? (Confirm with "yes".)

##...####.####.######..#
#...# #.# #..# ##.## #.#
##.## #.# #.# #.(# #.#
#.######.####..# #.#
#..............# #.#
########)##.#..# #.# #.## #
#.# #@.# #.# ##รท# ###.#
#... ..# ....# ##..#..#
###.# ..#..#.# ..###
#.#..#.#
#.#################.#..#.##
#.......[..................
...........#########...#.#


There were no monsters in sight!

Vanquished Creatures
  Terence (D:2)
  2 adders (D:2)
  3 dart slugs (D:1)
  2 bats (D:1)
  An endoplasm (D:1)
  2 giant cockroaches
  A goblin (D:2)
  A hobgoblin (D:1)
  2 jackals (D:1)
  A quokka (D:1)
  4 ball pythons (D:1)
  A frilled lizard (D:1)
  2 kobolds (D:2)
  3 rats (D:1)
26 creatures vanquished.

Notes
Turn   | Place    | Note
-------+----------+-------------------------------------------
     0 | D:1      | sammy202020 the Demonspawn Berserker began the quest for
                  | the Orb.
     0 | D:1      | Reached XP level 1. HP: 18/18 MP: 1/1
   338 | D:1      | Gained mutation: Spells you cast may paralyse adjacent
                  | enemies. [demonic ancestry]
   338 | D:1      | Reached XP level 2. HP: 18/24 MP: 2/2
  1073 | D:2      | Discovered your monstrous ancestry.
  1073 | D:2      | Gained mutation: You have a pair of small horns on your
                  | head. [demonic ancestry]
  1073 | D:2      | Reached XP level 3. HP: 22/29 MP: 3/3
  1444 | D:2      | Noticed Terence
  1457 | D:2      | Killed Terence
  1532 | D:2      | Gained mutation: You have a small tail. [demonic ancestry]
  1532 | D:2      | Reached XP level 4. HP: 11/37 MP: 4/4
  1797 | D:2      | Quit the game

Illustrated notes

Levels and vault maps discovered:
D:1:      matt_arrival_los_fun, layout_rooms
D:2:      layout_basic, serial_shops, shop,
          chequers_ecumenical_altar_simple_redux, uniq_crazy_yiuf_cottage,
          uniq_natasha, uniq_terence

Skill      XL: |  1  2 |
---------------+-------+-----
Axes           | 3 |  3.4
Armour         | 2 |  2.2
Dodging        | 2 |  2.2
Fighting       | |  3.8

Action                   |  1- 3 |  4- 6 || total
-------------------------+-------+-------++-------
Melee: Hand axe          |    97 |       ||    97
       Punch             |     2 |       ||     2
       Headbutt          |     4 |       ||     4
Invok: Berserk           |     2 |       ||     2
 Stab: Sleeping          |     2 |       ||     2
Armor: Animal skin       |    10 |       ||    10
       Leather armour    |     4 |       ||     4
       Plate armour      |     7 |       ||     7
Dodge: Dodged            |    67 |       ||    67

Table legend: (Time is in decaauts)
 A = Elapsed time spent in this place.
 B = Non-inter-level travel time spent in this place.
 C = Inter-level travel time spent in this place.
 D = Time resting spent in this place.
 E = Time spent auto-exploring this place.
 F = Levels seen in this place.
 G = Mean time per level.
                   A        B        C        D        E       F      G
               +--------+--------+--------+--------+--------+-----+--------+
         Total |   1835 |   1749 |     86 |    348 |   1136 |   2 |  917.5 |
       Dungeon |   1835 |   1749 |     86 |    348 |   1136 |   2 |  917.5 |
               +--------+--------+--------+--------+--------+-----+--------+

Top non-repeatable levels by time:
     D:1: 1059 daAuts
     D:2: 776 daAuts
